 Dungeon Crawl Stone Soup version 0.23-a0-169-gb21e69520c (webtiles) character file.

200 PikkenKukken the Insei (level 5, -9/42 HPs)
             Began as a Demonspawn Monk on Sept 12, 2018.
             Killed by nerve-wracking pain
             ... invoked by an orc priest
              (12 damage)
             ... on level 4 of the Dungeon.
             The game lasted 00:05:42 (2568 turns).

PikkenKukken the Insei (Demonspawn Monk)            Turns: 2568, Time: 00:05:43

Health: -9/42      AC: 12    Str: 12    XL:     5   Next: 48%
Magic:  0/5        EV: 13    Int: 11    God:
Gold:   136        SH:  0    Dex: 16    Spells: 4/4 levels left

rFire    + . .     SeeInvis .     - Unarmed
rCold    . . .     Gourm    .   (no shield)
rNeg     . . .     Faith    +   c - +1 leather armour {rF+}
rPois    +         Spirit   +   p - +1 helmet
rElec    .         Reflect  .   g - +2 cloak
rCorr    .         Harm     .   (no gloves)
MR       .....                  (no boots)
Stlth    +++.......             n - amulet of faith
HPRegen  0.14/turn              h - ring of poison resistance
MPRegen  0.09/turn              m - +3 ring of protection

@: no status effects
A: claws 1, nightstalker 1, magic shield
a: no special abilities


You were on level 4 of the Dungeon.
You were hungry.

You visited 1 branch of the dungeon, and saw 4 of its levels.

You collected 136 gold pieces.

Inventory:

Armour
 c - a +1 leather armour of fire resistance (worn)
 g - a +2 cloak (worn)
 p - a +1 helmet (worn)
Jewellery
 h - a ring of poison resistance (left claw)
 k - an uncursed ring of protection from cold
 m - a +3 ring of protection (right claw)
 n - an amulet of faith (around neck)
 o - a +2 ring of strength
Wands
 q - a wand of enslavement (17)
Scrolls
 a - 2 scrolls of teleportation
 d - 4 scrolls of remove curse
 e - 7 scrolls of identify
 f - 3 scrolls of blinking
 j - 3 scrolls of enchant weapon
Potions
 i - 4 potions of curing
Comestibles
 b - 8 rations
 l - 5 chunks of flesh


   Skills:
 + Level 3.8 Fighting
 + Level 1.9 Armour
 + Level 3.4 Dodging
 - Level 1.7 Stealth
 * Level 4.1 Unarmed Combat


You had 4 spell levels left.
You didn't know any spells.
Your spell library was empty.

Dungeon Overview and Level Annotations

Branches:
Dungeon (4/15)
 Temple: D:4-7

Altars:

Annotations:
D:4 Dowan, Duvessa


Innate Abilities, Weirdness & Mutations

You have sharp fingernails.
You are slightly more attuned to the shadows.
When hurt, damage is shared between your health and your magic reserves.


Message History

The orc closely misses you.
You scratch the orc but do no damage.
The orc is moderately wounded.
The orc hits you but does no damage.
You scratch the orc.
You kill the orc!
You scratch the orc priest but do no damage.
The orc priest barely misses you.
You closely miss the orc priest. The orc priest hits you with a flail.
* * * LOW HITPOINT WARNING * * *
You scratch the orc priest.
The orc priest is moderately wounded.
You completely miss the orc priest.
The orc priest is moderately wounded.
The orc priest barely misses you.
You completely miss the orc priest.
The orc priest is moderately wounded.
The orc priest calls down the wrath of Beogh upon you.
Pain shoots through your body!
You die...

###########
..........###
............
..$.......#######.###
...........oo@.......#
..........#######.##.#
.........^......#....##
......................
########......#.....## #
# ###.###..#...... .#..#
#...# #..#..#.#####....#
#.### #................#
#.#######.###.#####....#


You could see an orc priest and an orc.

Vanquished Creatures
  A hound (D:4)
  An orc wizard (D:4)
  A worker ant (D:4)
  Robin (D:2)
  4 adders
  An ooze (D:3)
  A worm (D:2)
  A dart slug (D:2)
  2 leopard geckos
  2 orcs (D:4)
  4 bats
  2 giant cockroaches
  14 goblins
  7 hobgoblins
  4 jackals (D:4)
  6 kobolds
  A quokka (D:2)
  2 frilled lizards (D:1)
  8 rats
63 creatures vanquished.

Notes
Turn   | Place    | Note
-------+----------+-------------------------------------------
     0 | D:1      | PikkenKukken the Demonspawn Monk began the quest for the
                  | Orb.
     0 | D:1      | Reached XP level 1. HP: 18/18 MP: 1/1
   179 | D:1      | Gained mutation: When hurt, damage is shared between your
                  | health and your magic reserves. [demonic ancestry]
   179 | D:1      | Reached XP level 2. HP: 24/24 MP: 2/2
   196 | D:1      | Reached skill level 3 in Unarmed Combat
   862 | D:2      | Reached skill level 1 in Armour
   862 | D:2      | Gained mutation: You have sharp fingernails. [demonic
                  | ancestry]
   862 | D:2      | Reached XP level 3. HP: 29/29 MP: 3/3
  1003 | D:2      | Noticed Robin
  1030 | D:2      | Killed Robin
  1092 | D:2      | Reached XP level 4. HP: 35/35 MP: 4/4
  2211 | D:4      | Noticed Duvessa
  2211 | D:4      | Noticed Dowan
  2398 | D:4      | Gained mutation: You are slightly more attuned to the
                  | shadows. [demonic ancestry]
  2398 | D:4      | Reached XP level 5. HP: 29/42 MP: 5/5
  2545 | D:4      | Reached skill level 4 in Unarmed Combat
  2568 | D:4      | Killed from afar by an orc priest

Vault maps used:
D:1:      dpeg_arrival_stone_temple_mockup, kennysheep_nondescript,
          hangedman_decor_riveting
D:2:      uniq_robin
D:3:      st_stairs_8, dk_noncrumbling_3
D:4:      kennysheep_the_goblin_king, okawaru_trees_1,
          hangedman_abyss_or_decor_passed, uniq_duvessa

Skill      XL: |  1  2  3  4  5 |
---------------+----------------+-----
Unarmed Combat | 3 4 |  4.1
Armour         | 1 |  1.9
Dodging        | 3 |  3.4
Fighting       | |  3.8
Stealth        | |  1.7

Action                   |  1- 3 |  4- 6 || total
-------------------------+-------+-------++-------
Melee: Unarmed           |   156 |   125 ||   281
       Punch             |     1 |     3 ||     4
  Use: Scroll            |     4 |     8 ||    12
 Stab: Sleeping          |     2 |     2 ||     4
  Eat: Chunk             |     1 |     4 ||     5
Armor: Leather armour    |    58 |    44 ||   102
Dodge: Dodged            |   109 |    74 ||   183

Table legend:
 A = Non-vault XP
 B = Vault XP
 C = Vault XP percentage of total XP
 D = Non-vault monster count
 E = Vault monster count
 F = Vault count percentage of total count
                 A         B        C        D         E       F
            +---------+---------+-------+---------+---------+-------
      Total |     244 |      42 |  14.7 |      49 |      14 |  22.2
            +---------+---------+-------+---------+---------+-------
        D:1 |      26 |       0 |   0.0 |      18 |       0 |   0.0
        D:2 |      39 |      38 |  49.4 |      13 |      12 |  48.0
        D:3 |      40 |       4 |   9.1 |       8 |       2 |  20.0
        D:4 |     139 |       0 |   0.0 |      10 |       0 |   0.0
            +---------+---------+-------+---------+---------+-------
